Little Stars vs Knights
Created - February 12, 2019 at 19:14
Goals
|
| Little Stars |
1 |
1 |
0 |
2 |
| Knights |
2 |
2 |
4 |
8 |
|
Shots
|
| Little Stars |
17 |
11 |
5 |
33 |
| Knights |
7 |
13 |
14 |
34 |
|
1st period
1. Knights , Noel Acciari 27 (Michael Raffl 34) at 8:41
2. Knights , Noel Acciari 28 (Michael Raffl 35, Brandon Saad 18) at 14:32 (PP)
3. Little Stars , Brian Flynn 20 (Cam Atkinson 31, Curtis Glencross 10) at 18:05
Penalties :
Noel Acciari (Lon) for Interference (Minor) at 12:22, Tyson Barrie (Tex) for Hooking (Minor) at 12:42
2nd period
4. Little Stars , Brian Flynn 21 (Curtis Glencross 11) at 0:10
5. Knights , Michael Raffl 34 (Tomas Kundratek 30, Pavel Buchnevich 22) at 0:55
6. Knights , Noel Acciari 29 (Michael Raffl 36, Pavel Buchnevich 23) at 3:51
Penalties :
No Penalty
3rd period
7. Knights , Miro Aaltonen 21 (Josh Bailey 26) at 2:56
8. Knights , Miro Aaltonen 22 (Josh Bailey 27, Brandon Saad 19) at 6:01
9. Knights , Miro Aaltonen 23 (Josh Bailey 28) at 7:45
10. Knights , Pavel Buchnevich 37 (Noel Acciari 59, Tom Wilson 13) at 8:53
Penalties :
Cam Atkinson (Tex) for Holding Stick (Minor) at 14:39, Michael Matheson (Lon) for Hooking (Minor) at 18:27
Goalie Stats
Matt Murray (Tex), 15 saves from 19 shots - (0.789), L, 16-12-2, 34:58 minutes
Peter Delmas (Tex), 11 saves from 15 shots - (0.733), 25:02 minutes
Ben Scrivens (Lon), 31 saves from 33 shots - (0.939), W, 21-11-3, 60:00 minutes
Players Stats for Little Stars
Player Name G A P +/- PIM S H SB GA TA FO MP PP MP PK MP
------------------------------------------------------------------------------------
Adam Tambellini 0 0 0 -2 0 0 0 0 0 0 0/0 9:27 0:00 0:03
Alexander Vasyunov 0 0 0 -2 0 3 1 0 0 0 1/1 12:56 0:00 0:54
Andrej Sustr 0 0 0 -4 0 2 1 3 2 2 0/0 29:15 1:29 1:06
Anton Cederholm 0 0 0 -2 0 0 1 2 0 0 0/0 12:34 0:00 0:00
Bo Horvat 0 0 0 -2 0 2 0 0 0 0 1/3 9:37 0:00 0:00
Brian Flynn 2 0 2 0 0 7 1 1 1 0 17/30 20:18 1:12 0:03
Cam Atkinson 0 1 1 0 2 3 2 0 1 0 2/4 21:11 1:12 0:11
Curtis Glencross 0 2 2 0 0 3 1 2 1 0 2/2 21:01 1:12 0:46
Dana Tyrell 0 0 0 -1 0 4 0 1 1 0 11/14 15:52 0:40 1:02
Jesse Joensuu 0 0 0 -1 0 0 2 0 2 0 0/0 14:50 0:40 0:00
Jordie Benn 0 0 0 1 0 0 1 1 1 2 0/0 19:17 0:23 1:04
Mathieu Perreault 0 0 0 -2 0 0 3 0 0 0 2/6 12:15 0:00 0:00
Scott Kosmachuck 0 0 0 -2 0 1 2 0 0 0 0/0 9:24 0:00 0:00
Stanislav Chistov 0 0 0 -1 0 4 1 0 0 0 0/0 17:17 0:40 1:21
Tucker Poolman 0 0 0 -2 0 0 0 0 0 1 0/0 11:50 0:00 0:11
Tyler Wotherspoon 0 0 0 1 0 0 0 2 0 0 0/0 19:17 0:23 1:04
Tyson Barrie 0 0 0 -4 2 4 3 2 2 2 0/0 27:46 1:28 0:55
Zach Budish 0 0 0 -2 0 0 0 0 0 0 0/0 12:02 0:00 0:00
Players Stats for Knights
Player Name G A P +/- PIM S H SB GA TA FO MP PP MP PK MP
------------------------------------------------------------------------------------
Andreas Athanasiou 0 0 0 0 0 1 0 0 1 0 0/0 7:25 0:00 0:00
Brandon Saad 0 2 2 2 0 0 0 0 0 0 0/1 17:47 0:59 0:29
Brendan Gaunce 0 0 0 0 0 3 1 0 0 0 1/7 12:58 0:00 0:30
Collin Miller 0 0 0 1 0 0 2 0 0 1 0/0 16:18 1:13 0:33
Jaccob Slavin 0 0 0 3 0 1 2 3 1 2 0/0 24:51 0:46 0:33
Jordan Martinook 0 0 0 0 0 0 3 0 0 0 0/0 12:28 0:00 0:00
Josh Bailey 0 3 3 2 0 2 2 0 0 0 1/1 18:03 0:48 0:19
Linden Vey 0 0 0 0 0 2 0 0 0 0 0/0 12:50 0:00 0:00
Matthew Benning 0 0 0 1 0 0 1 0 0 1 0/0 14:32 0:00 0:00
Michael Matheson 0 0 0 1 2 1 3 0 1 1 0/0 21:58 1:24 0:00
Michael Raffl 1 3 4 3 0 3 1 0 2 1 1/1 21:33 1:22 1:23
Miro Aaltonen 3 0 3 2 0 5 1 0 0 0 5/15 17:43 0:48 0:00
Noel Acciari 3 1 4 3 2 6 2 0 1 0 14/33 20:51 1:22 1:03
Pavel Buchnevich 1 2 3 3 0 5 2 0 1 0 1/1 20:00 1:11 0:00
Scott Wilson 0 0 0 0 0 0 1 0 0 0 1/1 7:25 0:00 0:00
Tom Wilson 0 1 1 0 0 0 0 0 0 0 0/0 7:25 0:00 0:00
Tomas Kundratek 0 1 1 3 0 3 2 5 0 2 0/0 22:56 0:46 1:19
Zach Trotman 0 0 0 1 0 2 2 3 0 3 0/0 19:24 0:11 1:19
3 Stars
1 - Noel Acciari (Lon)
2 - Miro Aaltonen (Lon)
3 - Michael Raffl (Lon)
Power Play
Little Stars - 0 on 2 Attempt(s) - 0.00%
Knights - 1 on 2 Attempt(s) - 50.00%
Penalty Kill
Little Stars - 1 on 2 Attempt(s) - 50.00%
- Score 0 goal in Penalty Kill
Knights - 2 on 2 Attempt(s) - 100.00%
- Score 0 goal in Penalty Kill
Team Stat
Little Stars - Hits : 19 - Faceoff Wins : 36 - Blocked Shots : 14 - Penalty Minutes : 4
Knights - Hits : 25 - Faceoff Wins : 24 - Blocked Shots : 11 - Penalty Minutes : 4
Official
Referees : Unknown
Linesman : Unknown
Game Notes
Noel Acciari has scored a Hat Trick!
Peter Delmas enters game at 3:51 of 2nd period
6:45 of 2nd period - Little Stars goal is going for a video replay. After video review, No Goal. The puck has entered the net after making contact with an attacking player’s stick that is above the height of the crossbar.
Miro Aaltonen has scored a Hat Trick!
Matt Murray enters game at 8:53 of 3rd period
Finance
Level 1 -- Attendance: 1596 (79.80%) -- Ticket Income $39,900
Level 2 -- Attendance: 754 (75.40%) -- Ticket Income $9,802
Total Attendance: 2350 (78.33%)
Total Ticket Income: $49,702
Other Income: $2,485
Total Income: $52,187
Little Stars
5 vs 5 Forward
Center Left Wing Right Wing Time % Phy DF OF
1 Brian Flynn Curtis Glencross Cam Atkinson 40 1 2 2
2 Dana Tyrell Jesse Joensuu Stanislav Chistov 30 1 2 2
3 Mathieu Perreault Alexander Vasyunov Zach Budish 20 1 2 2
4 Bo Horvat Adam Tambellini Scott Kosmachuck 10 1 2 2
5 vs 5 Defense
Defense Defense Time % Phy DF OF
1 Tyson Barrie Andrej Sustr 40 1 2 2
2 Jordie Benn Tyler Wotherspoon 30 1 2 2
3 Anton Cederholm Tucker Poolman 20 1 2 2
4 Tyson Barrie Andrej Sustr 10 1 2 2
PowerPlay Forward
Center Left Wing Right Wing Time % Phy DF OF
1 Brian Flynn Curtis Glencross Cam Atkinson 60 0 2 3
2 Dana Tyrell Jesse Joensuu Stanislav Chistov 40 0 2 3
PowerPlay Defense
Defense Defense Time % Phy DF OF
1 Tyson Barrie Andrej Sustr 60 0 2 3
2 Jordie Benn Tyler Wotherspoon 40 0 2 3
Penalty Kill 4 Players Forward
Center Wing Time % Phy DF OF
1 Cam Atkinson Stanislav Chistov 60 0 3 2
2 Brian Flynn Curtis Glencross 40 0 3 2
Penalty Kill 4 Players Defense
Defense Defense Time % Phy DF OF
1 Tyson Barrie Andrej Sustr 60 0 3 2
2 Jordie Benn Tyler Wotherspoon 40 0 3 2
Penalty Kill - 3 Players Forward
Forward Time % Phy DF OF
1 Cam Atkinson 60 0 3 2
2 Stanislav Chistov 40 0 3 2
Penalty Kill - 3 Players Defense
Defense Defense Time % Phy DF OF
1 Tyson Barrie Andrej Sustr 60 0 3 2
2 Jordie Benn Tyler Wotherspoon 40 0 3 2
4 vs 4 Forward
Center Wing Time % Phy DF OF
1 Cam Atkinson Stanislav Chistov 60 1 2 2
2 Brian Flynn Curtis Glencross 40 1 2 2
4 vs 4 Defense
Defense Defense Time % Phy DF OF
1 Tyson Barrie Andrej Sustr 60 1 2 2
2 Jordie Benn Tyler Wotherspoon 40 1 2 2
Last Minutes Offensive
Center Left Wing Right Wing Defense Defense
Brian Flynn Curtis Glencross Cam Atkinson Tyson Barrie Andrej Sustr
Last Minutes Defensive
Center Left Wing Right Wing Defense Defense
Brian Flynn Curtis Glencross Cam Atkinson Tyson Barrie Andrej Sustr
Goaltenders
Starting : Matt Murray
Backup : Peter Delmas
Extra Forwards
Normal : Mathieu Perreault, Bo Horvat, Alexander Vasyunov - PP : Mathieu Perreault, Bo Horvat - PK : Alexander Vasyunov
Extra Defensemen
Normal : Anton Cederholm, Tucker Poolman, Jordie Benn - PP : Anton Cederholm - PK : Tucker Poolman, Jordie Benn
Penalty Shots
Cam Atkinson, Stanislav Chistov, Brian Flynn, Curtis Glencross, Dana Tyrell
Scratches
Daniel O'regan (Healthy), Michael Mersch (Healthy), Justin Auger (Healthy), Reece Willcox (Healthy), Ville Pokka (Healthy)
Jason Dickinson (Healthy), Emile Poirier (Healthy), Shawn Matthias (Broken Bone (Left Arm) Injury), Spencer Martin (Healthy)
Knights
5 vs 5 Forward
Center Left Wing Right Wing Time % Phy DF OF
1 Noel Acciari Michael Raffl Pavel Buchnevich 40 1 2 2
2 Miro Aaltonen Brandon Saad Josh Bailey 30 1 2 2
3 Brendan Gaunce Jordan Martinook Linden Vey 20 1 2 2
4 Andreas Athanasiou Scott Wilson Tom Wilson 10 1 2 2
5 vs 5 Defense
Defense Defense Time % Phy DF OF
1 Tomas Kundratek Jaccob Slavin 40 1 2 2
2 Zach Trotman Michael Matheson 30 1 1 3
3 Matthew Benning Collin Miller 20 1 2 2
4 Michael Matheson Jaccob Slavin 10 1 2 2
PowerPlay Forward
Center Left Wing Right Wing Time % Phy DF OF
1 Noel Acciari Michael Raffl Pavel Buchnevich 60 1 1 3
2 Miro Aaltonen Brandon Saad Josh Bailey 40 1 1 3
PowerPlay Defense
Defense Defense Time % Phy DF OF
1 Jaccob Slavin Tomas Kundratek 60 0 1 4
2 Michael Matheson Collin Miller 40 0 1 4
Penalty Kill 4 Players Forward
Center Wing Time % Phy DF OF
1 Noel Acciari Michael Raffl 60 1 3 1
2 Josh Bailey Brandon Saad 40 1 3 1
Penalty Kill 4 Players Defense
Defense Defense Time % Phy DF OF
1 Zach Trotman Tomas Kundratek 60 1 3 1
2 Michael Matheson Jaccob Slavin 40 1 3 1
Penalty Kill - 3 Players Forward
Forward Time % Phy DF OF
1 Michael Raffl 60 0 4 1
2 Noel Acciari 40 0 4 1
Penalty Kill - 3 Players Defense
Defense Defense Time % Phy DF OF
1 Tomas Kundratek Michael Matheson 60 1 3 1
2 Jaccob Slavin Zach Trotman 40 1 3 1
4 vs 4 Forward
Center Wing Time % Phy DF OF
1 Miro Aaltonen Josh Bailey 60 1 2 2
2 Noel Acciari Pavel Buchnevich 40 1 2 2
4 vs 4 Defense
Defense Defense Time % Phy DF OF
1 Tomas Kundratek Jaccob Slavin 60 1 2 2
2 Michael Matheson Zach Trotman 40 1 2 2
Last Minutes Offensive
Center Left Wing Right Wing Defense Defense
Noel Acciari Michael Raffl Pavel Buchnevich Tomas Kundratek Jaccob Slavin
Last Minutes Defensive
Center Left Wing Right Wing Defense Defense
Miro Aaltonen Michael Raffl Josh Bailey Tomas Kundratek Jaccob Slavin
Goaltenders
Starting : Ben Scrivens
Backup : Magnus Hellberg
Extra Forwards
Normal : Pavel Buchnevich, Linden Vey, Michael Raffl - PP : Josh Bailey, Michael Raffl - PK : Michael Raffl
Extra Defensemen
Normal : Jaccob Slavin, Tomas Kundratek, Michael Matheson - PP : Jaccob Slavin - PK : Jaccob Slavin, Michael Matheson
Penalty Shots
Michael Raffl, Noel Acciari, Pavel Buchnevich, Josh Bailey, Linden Vey
Scratches
Zach Nastasiuk (Healthy), Cody Bass (Healthy), Alan Quine (Healthy), Matt Puempel (Healthy), David Shields (Healthy)
Matt Grzelcyk (Healthy), Trevor Moore (Healthy), Curtis Valk (Healthy), Anthony Louis (Healthy), Ludwig Bystrom (Healthy)
Brett Connolly (Healthy), Travis Boyd (Healthy), Nicolas Petan (Healthy), Anton Blidh (Healthy), A.J. Jenks (Healthy)
Connor Knapp (Healthy), Eamon McAdam (Healthy), Philippe Desrosiers (Healthy), Ville Husso (Healthy)
% Time on Ice - Little Stars
Lines # - Real PCT - Wanted PCT - Time Play
Normal Forward
1 - 34% - 40% - 18:43
2 - 26% - 30% - 14:10
3 - 22% - 20% - 12:02
4 - 17% - 10% - 9:24
Normal Defense
1 - 39% - 40% - 21:14
2 - 32% - 30% - 17:28
3 - 21% - 20% - 11:28
4 - 8% - 10% - 4:09
PP Forward
1 - 64% - 60% - 1:12
2 - 36% - 40% - 0:40
PP Defense
1 - 79% - 60% - 1:29
2 - 21% - 40% - 0:23
PK Forward
1 - 100% - 60% - 2:10
2 - 0% - 40% - 0:00
PK Defense
1 - 51% - 60% - 1:06
2 - 49% - 40% - 1:04
PK3 Forward
1 - 0% - 60%
2 - 0% - 40%
PK3 Defense
1 - 0% - 60%
2 - 0% - 40%
44 Forward
1 - 80% - 60% - 1:19
2 - 20% - 40% - 0:20
44 Defense
1 - 78% - 60% - 1:17
2 - 22% - 40% - 0:22
Last Minute Offensive - 0:00
Last Minute Defensive - 0:00
Total
Forward - 60:00
Defense - 60:00
|
% Time on Ice - Knights
Lines # - Real PCT - Wanted PCT - Time Play
Normal Forward
1 - 34% - 40% - 18:27
2 - 29% - 30% - 15:59
3 - 23% - 20% - 12:28
4 - 14% - 10% - 7:25
Normal Defense
1 - 36% - 40% - 19:39
2 - 32% - 30% - 17:27
3 - 27% - 20% - 14:32
4 - 5% - 10% - 2:41
PP Forward
1 - 63% - 60% - 1:22
2 - 37% - 40% - 0:48
PP Defense
1 - 35% - 60% - 0:46
2 - 65% - 40% - 1:24
PK Forward
1 - 83% - 60% - 1:33
2 - 17% - 40% - 0:19
PK Defense
1 - 71% - 60% - 1:19
2 - 29% - 40% - 0:33
PK3 Forward
1 - 0% - 60%
2 - 0% - 40%
PK3 Defense
1 - 0% - 60%
2 - 0% - 40%
44 Forward
1 - 78% - 60% - 1:17
2 - 22% - 40% - 0:22
44 Defense
1 - 73% - 60% - 1:12
2 - 27% - 40% - 0:27
Last Minute Offensive - 0:00
Last Minute Defensive - 0:00
Total
Forward - 60:00
Defense - 60:00
|
Play-by-Play
1st period
0:01 of 1st period - Noel Acciari wins face-off versus Brian Flynn in neutral zone.
0:16 of 1st period - Snap shot by Noel Acciari.
0:16 of 1st period - Shot Blocked by Brian Flynn.
0:26 of 1st period - Tomas Kundratek is hit by Jesse Joensuu and loses puck.
0:49 of 1st period - Zach Trotman is hit by Mathieu Perreault.
0:55 of 1st period - Mathieu Perreault is hit by Zach Trotman and loses puck.
2:15 of 1st period - Snap shot by Alexander Vasyunov.
2:15 of 1st period - Stopped by Ben Scrivens without a rebound.
2:16 of 1st period - Miro Aaltonen wins face-off versus Mathieu Perreault in Knights zone.
2:28 of 1st period - Wrist shot by Alexander Vasyunov.
2:28 of 1st period - Shot Blocked by Zach Trotman.
2:30 of 1st period - Snap shot by Alexander Vasyunov.
2:30 of 1st period - Deflect By Zach Trotman.
2:30 of 1st period - Shot Blocked by Zach Trotman.
2:30 of 1st period - Puck is out of play.
2:31 of 1st period - Noel Acciari wins face-off versus Brian Flynn in Knights zone.
2:56 of 1st period - Stanislav Chistov is hit by Jordan Martinook and loses puck.
3:31 of 1st period - Anton Cederholm is hit by Collin Miller and loses puck.
3:46 of 1st period - Slapshot by Michael Raffl.
3:46 of 1st period - Shot Blocked by Anton Cederholm.
3:48 of 1st period - Slapshot by Jaccob Slavin.
3:48 of 1st period - Shot Misses the Net.
3:50 of 1st period - Slapshot by Jaccob Slavin.
3:50 of 1st period - Stopped by Matt Murray without a rebound.
3:51 of 1st period - Brian Flynn wins face-off versus Noel Acciari in Little Stars zone.
4:50 of 1st period - Alexander Vasyunov is hit by Zach Trotman and loses puck.
5:41 of 1st period - Snap shot by Cam Atkinson.
5:41 of 1st period - Stopped by Ben Scrivens with a rebound.
5:43 of 1st period - Snap shot by Brian Flynn.
5:43 of 1st period - Stopped by Ben Scrivens without a rebound.
5:44 of 1st period - Dana Tyrell wins face-off versus Noel Acciari in Knights zone.
5:49 of 1st period - Snap shot by Stanislav Chistov.
5:49 of 1st period - Shot Misses the Net.
5:51 of 1st period - Wrist shot by Dana Tyrell.
5:51 of 1st period - Deflect By Jaccob Slavin.
5:51 of 1st period - Stopped by Ben Scrivens with a rebound.
5:53 of 1st period - Snap shot by Dana Tyrell.
5:53 of 1st period - Stopped by Ben Scrivens without a rebound.
5:54 of 1st period - Dana Tyrell wins face-off versus Noel Acciari in Knights zone.
6:36 of 1st period - Wrist shot by Stanislav Chistov.
6:36 of 1st period - Shot Blocked by Tomas Kundratek.
6:38 of 1st period - Snap shot by Andrej Sustr.
6:38 of 1st period - Shot Misses the Net.
6:40 of 1st period - Snap shot by Jesse Joensuu.
6:40 of 1st period - Shot Misses the Net.
6:42 of 1st period - Slapshot by Tyson Barrie.
6:42 of 1st period - Stopped by Ben Scrivens without a rebound.
6:43 of 1st period - Brian Flynn wins face-off versus Brendan Gaunce in Knights zone.
7:17 of 1st period - Wrist shot by Alexander Vasyunov.
7:17 of 1st period - Stopped by Ben Scrivens with a rebound.
7:31 of 1st period - Tomas Kundratek is hit by Scott Kosmachuck.
8:10 of 1st period - Wrist shot by Noel Acciari.
8:10 of 1st period - Stopped by Matt Murray without a rebound.
8:11 of 1st period - Dana Tyrell wins face-off versus Noel Acciari in Little Stars zone.
8:41 of 1st period - Slapshot by Noel Acciari.
8:41 of 1st period - Goal by Noel Acciari - Little Stars : 0 - Knights : 1.
8:42 of 1st period - Brian Flynn wins face-off versus Noel Acciari in neutral zone.
9:09 of 1st period - Alexander Vasyunov is hit by Jordan Martinook and loses puck.
9:24 of 1st period - Jordie Benn is hit by Jordan Martinook and loses puck.
10:05 of 1st period - Wrist shot by Cam Atkinson.
10:05 of 1st period - Shot Misses the Net.
10:07 of 1st period - Slapshot by Cam Atkinson.
10:07 of 1st period - Deflect By Brian Flynn.
10:07 of 1st period - Shot Misses the Net.
10:07 of 1st period - Puck is out of play.
10:08 of 1st period - Brian Flynn wins face-off versus Noel Acciari in Knights zone.
10:13 of 1st period - Snap shot by Brian Flynn.
10:13 of 1st period - Shot Misses the Net.
10:15 of 1st period - Slapshot by Cam Atkinson.
10:15 of 1st period - Shot Blocked by Jaccob Slavin.
10:17 of 1st period - Slapshot by Tyson Barrie.
10:17 of 1st period - Shot Misses the Net.
10:19 of 1st period - Snap shot by Cam Atkinson.
10:19 of 1st period - Shot Misses the Net.
10:21 of 1st period - Wrist shot by Curtis Glencross.
10:21 of 1st period - Shot Misses the Net.
10:23 of 1st period - Slapshot by Tyson Barrie.
10:23 of 1st period - Stopped by Ben Scrivens without a rebound.
10:24 of 1st period - Mathieu Perreault wins face-off versus Miro Aaltonen in Knights zone.
10:51 of 1st period - Michael Matheson is hit by Brian Flynn and loses puck.
10:56 of 1st period - Wrist shot by Brian Flynn.
10:56 of 1st period - Shot Misses the Net.
11:31 of 1st period - Jordie Benn is hit by Scott Wilson and loses puck.
11:42 of 1st period - Slapshot by Adam Tambellini.
11:42 of 1st period - Deflect By Bo Horvat.
11:42 of 1st period - Stopped by Ben Scrivens without a rebound.
11:43 of 1st period - Miro Aaltonen wins face-off versus Brian Flynn in Knights zone.
12:22 of 1st period - Minor Penalty to Noel Acciari for Interference.
12:23 of 1st period - Brian Flynn wins face-off versus Brendan Gaunce in Knights zone.
12:23 of 1st period - Snap shot by Curtis Glencross.
12:23 of 1st period - Stopped by Ben Scrivens with a rebound.
12:25 of 1st period - Snap shot by Tyson Barrie.
12:25 of 1st period - Shot Blocked by Tomas Kundratek.
12:34 of 1st period - Snap shot by Curtis Glencross.
12:34 of 1st period - Stopped by Ben Scrivens without a rebound.
12:35 of 1st period - Curtis Glencross wins face-off versus Brendan Gaunce in Knights zone.
12:42 of 1st period - Minor Penalty to Tyson Barrie for Hooking.
12:43 of 1st period - Cam Atkinson wins face-off versus Miro Aaltonen in Little Stars zone.
12:56 of 1st period - Snap shot by Stanislav Chistov.
12:56 of 1st period - Stopped by Ben Scrivens with a rebound.
12:58 of 1st period - Snap shot by Stanislav Chistov.
12:58 of 1st period - Stopped by Ben Scrivens without a rebound.
12:59 of 1st period - Miro Aaltonen wins face-off versus Cam Atkinson in Knights zone.
12:59 of 1st period - Miro Aaltonen is hit by Anton Cederholm.
13:23 of 1st period - Andrej Sustr is hit by Miro Aaltonen and loses puck.
13:34 of 1st period - Brian Flynn is hit by Tomas Kundratek and loses puck.
13:41 of 1st period - Slapshot by Anton Cederholm.
13:41 of 1st period - Shot Blocked by Tomas Kundratek.
13:43 of 1st period - Snap shot by Brian Flynn.
13:43 of 1st period - Shot Misses the Net.
14:11 of 1st period - Wrist shot by Bo Horvat.
14:11 of 1st period - Shot Misses the Net.
14:14 of 1st period - Icing by Zach Trotman.
14:15 of 1st period - Michael Raffl wins face-off versus Cam Atkinson in Knights zone.
14:22 of 1st period - Penalty to Noel Acciari is over, Noel Acciari is back on ice.
14:26 of 1st period - Snap shot by Michael Raffl.
14:26 of 1st period - Stopped by Matt Murray with a rebound.
14:28 of 1st period - Snap shot by Brandon Saad.
14:28 of 1st period - Shot Misses the Net.
14:30 of 1st period - Backhand shot by Michael Raffl.
14:30 of 1st period - Shot Misses the Net.
14:32 of 1st period - Snap shot by Noel Acciari.
14:32 of 1st period - Goal by Noel Acciari - Little Stars : 0 - Knights : 2.
14:33 of 1st period - Noel Acciari wins face-off versus Brian Flynn in neutral zone.
14:42 of 1st period - Backhand shot by Brian Flynn.
14:42 of 1st period - Shot Misses the Net.
14:44 of 1st period - Slapshot by Tyson Barrie.
14:44 of 1st period - Stopped by Ben Scrivens with a rebound.
14:48 of 1st period - Slapshot by Curtis Glencross.
14:48 of 1st period - Deflect By Cam Atkinson.
14:48 of 1st period - Shot Blocked by Tomas Kundratek.
14:48 of 1st period - Puck is out of play.
14:49 of 1st period - Dana Tyrell wins face-off versus Miro Aaltonen in Knights zone.
14:50 of 1st period - Wrist shot by Jesse Joensuu.
14:50 of 1st period - Shot Misses the Net.
15:38 of 1st period - Zach Trotman is hit by Alexander Vasyunov and loses puck.
15:45 of 1st period - Snap shot by Alexander Vasyunov.
15:45 of 1st period - Stopped by Ben Scrivens with a rebound.
15:47 of 1st period - Slapshot by Mathieu Perreault.
15:47 of 1st period - Shot Misses the Net.
16:21 of 1st period - Slapshot by Scott Kosmachuck.
16:21 of 1st period - Stopped by Ben Scrivens without a rebound.
16:22 of 1st period - Bo Horvat wins face-off versus Miro Aaltonen in Knights zone.
16:53 of 1st period - Off-side.
16:54 of 1st period - Noel Acciari wins face-off versus Brian Flynn in neutral zone.
16:59 of 1st period - Slapshot by Noel Acciari.
16:59 of 1st period - Stopped by Matt Murray with a rebound.
17:01 of 1st period - Wrist shot by Noel Acciari.
17:01 of 1st period - Shot Blocked by Jordie Benn.
17:03 of 1st period - Wrist shot by Pavel Buchnevich.
17:03 of 1st period - Shot Misses the Net.
17:05 of 1st period - Wrist shot by Pavel Buchnevich.
17:05 of 1st period - Stopped by Matt Murray with a rebound.
17:07 of 1st period - Snap shot by Noel Acciari.
17:07 of 1st period - Shot Blocked by Curtis Glencross.
18:03 of 1st period - Snap shot by Brian Flynn.
18:03 of 1st period - Shot Misses the Net.
18:05 of 1st period - Snap shot by Brian Flynn.
18:05 of 1st period - Goal by Brian Flynn - Little Stars : 1 - Knights : 2.
18:06 of 1st period - Dana Tyrell wins face-off versus Noel Acciari in neutral zone.
18:25 of 1st period - Stanislav Chistov is hit by Jaccob Slavin.
Goals for this period are 1 for Little Stars vs 2 for Knights.
Shots for this period are 17 for Little Stars vs 7 for Knights.
2nd period
0:01 of 2nd period - Noel Acciari wins face-off versus Brian Flynn in neutral zone.
0:10 of 2nd period - Wrist shot by Brian Flynn.
0:10 of 2nd period - Goal by Brian Flynn - Little Stars : 2 - Knights : 2.
0:11 of 2nd period - Brian Flynn wins face-off versus Noel Acciari in neutral zone.
0:28 of 2nd period - Jaccob Slavin is hit by Andrej Sustr and loses puck.
0:47 of 2nd period - Wrist shot by Noel Acciari.
0:47 of 2nd period - Shot Blocked by Andrej Sustr.
0:49 of 2nd period - Snap shot by Pavel Buchnevich.
0:49 of 2nd period - Stopped by Matt Murray with a rebound.
0:51 of 2nd period - Slapshot by Pavel Buchnevich.
0:51 of 2nd period - Stopped by Matt Murray with a rebound.
0:53 of 2nd period - Slapshot by Tomas Kundratek.
0:53 of 2nd period - Stopped by Matt Murray with a rebound.
0:55 of 2nd period - Wrist shot by Michael Raffl.
0:55 of 2nd period - Goal by Michael Raffl - Little Stars : 2 - Knights : 3.
0:56 of 2nd period - Brian Flynn wins face-off versus Miro Aaltonen in neutral zone.
0:59 of 2nd period - Miro Aaltonen is hit by Cam Atkinson and loses puck.
1:27 of 2nd period - Icing by Linden Vey.
1:28 of 2nd period - Brian Flynn wins face-off versus Brendan Gaunce in Knights zone.
2:11 of 2nd period - Slapshot by Brendan Gaunce.
2:11 of 2nd period - Shot Blocked by Andrej Sustr.
2:13 of 2nd period - Snap shot by Michael Matheson.
2:13 of 2nd period - Stopped by Matt Murray with a rebound.
2:41 of 2nd period - Slapshot by Linden Vey.
2:41 of 2nd period - Shot Misses the Net.
2:43 of 2nd period - Slapshot by Linden Vey.
2:43 of 2nd period - Shot Blocked by Andrej Sustr.
2:45 of 2nd period - Slapshot by Zach Trotman.
2:45 of 2nd period - Stopped by Matt Murray without a rebound.
2:46 of 2nd period - Brian Flynn wins face-off versus Noel Acciari in Little Stars zone.
2:51 of 2nd period - Slapshot by Cam Atkinson.
2:51 of 2nd period - Stopped by Ben Scrivens without a rebound.
2:52 of 2nd period - Noel Acciari wins face-off versus Brian Flynn in Knights zone.
3:01 of 2nd period - Snap shot by Cam Atkinson.
3:01 of 2nd period - Deflect By Curtis Glencross.
3:01 of 2nd period - Stopped by Ben Scrivens with a rebound.
3:03 of 2nd period - Slapshot by Anton Cederholm.
3:03 of 2nd period - Shot Misses the Net.
3:05 of 2nd period - Snap shot by Brian Flynn.
3:05 of 2nd period - Stopped by Ben Scrivens with a rebound.
3:51 of 2nd period - Backhand shot by Noel Acciari.
3:51 of 2nd period - Goal by Noel Acciari - Little Stars : 2 - Knights : 4.
3:51 of 2nd period - Peter Delmas enters game.
3:52 of 2nd period - Dana Tyrell wins face-off versus Miro Aaltonen in neutral zone.
4:17 of 2nd period - Zach Trotman is hit by Cam Atkinson and loses puck.
4:38 of 2nd period - Jordan Martinook is hit by Mathieu Perreault and loses puck.
5:19 of 2nd period - Wrist shot by Jesse Joensuu.
5:19 of 2nd period - Shot Misses the Net.
6:25 of 2nd period - Icing by Andrej Sustr.
6:26 of 2nd period - Miro Aaltonen wins face-off versus Bo Horvat in Little Stars zone.
6:41 of 2nd period - Backhand shot by Andrej Sustr.
6:41 of 2nd period - Deflect By Brandon Saad.
6:41 of 2nd period - Stopped by Ben Scrivens with a rebound.
6:43 of 2nd period - Slapshot by Andrej Sustr.
6:43 of 2nd period - Shot Misses the Net.
6:45 of 2nd period - Slapshot by Tyson Barrie.
6:45 of 2nd period - Deflect By Jaccob Slavin.
6:45 of 2nd period - Little Stars goal is going for a video replay.
6:45 of 2nd period - The goal is refused. The puck has entered the net after making contact with an attacking player’s stick that is above the height of the crossbar..
6:46 of 2nd period - Noel Acciari wins face-off versus Brian Flynn in Knights zone.
6:56 of 2nd period - Slapshot by Noel Acciari.
6:56 of 2nd period - Deflect By Cam Atkinson.
6:56 of 2nd period - Stopped by Peter Delmas with a rebound.
7:19 of 2nd period - Icing by Miro Aaltonen.
7:20 of 2nd period - Dana Tyrell wins face-off versus Miro Aaltonen in Knights zone.
7:21 of 2nd period - Slapshot by Stanislav Chistov.
7:21 of 2nd period - Stopped by Ben Scrivens with a rebound.
7:23 of 2nd period - Wrist shot by Stanislav Chistov.
7:23 of 2nd period - Stopped by Ben Scrivens without a rebound.
7:24 of 2nd period - Dana Tyrell wins face-off versus Noel Acciari in Knights zone.
7:25 of 2nd period - Snap shot by Stanislav Chistov.
7:25 of 2nd period - Shot Blocked by Tomas Kundratek.
8:30 of 2nd period - Wrist shot by Linden Vey.
8:30 of 2nd period - Stopped by Peter Delmas without a rebound.
8:31 of 2nd period - Brendan Gaunce wins face-off versus Bo Horvat in Little Stars zone.
8:32 of 2nd period - Wrist shot by Linden Vey.
8:32 of 2nd period - Stopped by Peter Delmas with a rebound.
8:34 of 2nd period - Snap shot by Brendan Gaunce.
8:34 of 2nd period - Deflect By Jordan Martinook.
8:34 of 2nd period - Shot Misses the Net.
8:34 of 2nd period - Puck is out of play.
8:35 of 2nd period - Brian Flynn wins face-off versus Brendan Gaunce in Little Stars zone.
8:46 of 2nd period - Snap shot by Linden Vey.
8:46 of 2nd period - Deflect By Brendan Gaunce.
8:46 of 2nd period - Stopped by Peter Delmas without a rebound.
8:47 of 2nd period - Brian Flynn wins face-off versus Noel Acciari in Little Stars zone.
9:44 of 2nd period - Icing by Tyson Barrie.
9:45 of 2nd period - Mathieu Perreault wins face-off versus Noel Acciari in Little Stars zone.
9:52 of 2nd period - Tyson Barrie is hit by Pavel Buchnevich and loses puck.
10:11 of 2nd period - Snap shot by Josh Bailey.
10:11 of 2nd period - Shot Misses the Net.
11:14 of 2nd period - Noel Acciari is hit by Jordie Benn and loses puck.
11:41 of 2nd period - Snap shot by Brian Flynn.
11:41 of 2nd period - Stopped by Ben Scrivens without a rebound.
11:42 of 2nd period - Dana Tyrell wins face-off versus Miro Aaltonen in Knights zone.
11:45 of 2nd period - Snap shot by Dana Tyrell.
11:45 of 2nd period - Stopped by Ben Scrivens with a rebound.
11:55 of 2nd period - Josh Bailey is hit by Stanislav Chistov.
13:10 of 2nd period - Slapshot by Brendan Gaunce.
13:10 of 2nd period - Stopped by Peter Delmas with a rebound.
14:13 of 2nd period - Zach Trotman is hit by Scott Kosmachuck and loses puck.
14:37 of 2nd period - Jordie Benn is hit by Michael Matheson and loses puck.
14:40 of 2nd period - Wrist shot by Brian Flynn.
14:40 of 2nd period - Stopped by Ben Scrivens with a rebound.
14:42 of 2nd period - Snap shot by Brian Flynn.
14:42 of 2nd period - Shot Blocked by Zach Trotman.
15:22 of 2nd period - Tomas Kundratek is hit by Tyson Barrie and loses puck.
15:33 of 2nd period - Alexander Vasyunov is hit by Brendan Gaunce and loses puck.
15:45 of 2nd period - Jordan Martinook is hit by Mathieu Perreault and loses puck.
16:08 of 2nd period - Curtis Glencross is hit by Josh Bailey and loses puck.
16:25 of 2nd period - Tyler Wotherspoon is hit by Michael Raffl and loses puck.
17:30 of 2nd period - Brian Flynn is hit by Pavel Buchnevich and loses puck.
17:41 of 2nd period - Andrej Sustr is hit by Noel Acciari and loses puck.
18:00 of 2nd period - Snap shot by Dana Tyrell.
18:00 of 2nd period - Shot Misses the Net.
18:10 of 2nd period - Scott Kosmachuck is hit by Michael Matheson and loses puck.
18:17 of 2nd period - Wrist shot by Michael Raffl.
18:17 of 2nd period - Shot Misses the Net.
18:19 of 2nd period - Slapshot by Zach Trotman.
18:19 of 2nd period - Stopped by Peter Delmas without a rebound.
18:20 of 2nd period - Brian Flynn wins face-off versus Miro Aaltonen in Little Stars zone.
18:20 of 2nd period - Brian Flynn is hit by Josh Bailey.
18:36 of 2nd period - Slapshot by Brian Flynn.
18:36 of 2nd period - Shot Misses the Net.
18:58 of 2nd period - Off-side.
18:59 of 2nd period - Scott Wilson wins face-off versus Mathieu Perreault in neutral zone.
19:12 of 2nd period - Andrej Sustr is hit by Matthew Benning and loses puck.
19:25 of 2nd period - Josh Bailey is hit by Tyson Barrie and loses puck.
Goals for this period are 1 for Little Stars vs 2 for Knights.
Shots for this period are 11 for Little Stars vs 13 for Knights.
3rd period
0:01 of 3rd period - Brian Flynn wins face-off versus Noel Acciari in neutral zone.
0:06 of 3rd period - Snap shot by Cam Atkinson.
0:06 of 3rd period - Stopped by Ben Scrivens without a rebound.
0:07 of 3rd period - Noel Acciari wins face-off versus Brian Flynn in Knights zone.
0:07 of 3rd period - Noel Acciari is hit by Tyson Barrie.
0:19 of 3rd period - Snap shot by Cam Atkinson.
0:19 of 3rd period - Shot Misses the Net.
0:21 of 3rd period - Snap shot by Cam Atkinson.
0:21 of 3rd period - Shot Misses the Net.
0:35 of 3rd period - Snap shot by Josh Bailey.
0:35 of 3rd period - Stopped by Peter Delmas with a rebound.
0:37 of 3rd period - Wrist shot by Miro Aaltonen.
0:37 of 3rd period - Stopped by Peter Delmas with a rebound.
0:39 of 3rd period - Backhand shot by Tomas Kundratek.
0:39 of 3rd period - Shot Misses the Net.
0:41 of 3rd period - Snap shot by Brandon Saad.
0:41 of 3rd period - Shot Blocked by Dana Tyrell.
0:43 of 3rd period - Snap shot by Miro Aaltonen.
0:43 of 3rd period - Shot Blocked by Tyson Barrie.
1:23 of 3rd period - Slapshot by Linden Vey.
1:23 of 3rd period - Shot Misses the Net.
1:26 of 3rd period - Icing by Brian Flynn.
1:27 of 3rd period - Curtis Glencross wins face-off versus Noel Acciari in Little Stars zone.
1:27 of 3rd period - Curtis Glencross is hit by Noel Acciari.
1:32 of 3rd period - Off-side.
1:33 of 3rd period - Brian Flynn wins face-off versus Noel Acciari in neutral zone.
1:36 of 3rd period - Brian Flynn is hit by Jaccob Slavin and loses puck.
2:01 of 3rd period - Snap shot by Brandon Saad.
2:01 of 3rd period - Shot Blocked by Tyler Wotherspoon.
2:03 of 3rd period - Wrist shot by Josh Bailey.
2:03 of 3rd period - Deflect By Stanislav Chistov.
2:03 of 3rd period - Shot Misses the Net.
2:03 of 3rd period - Puck is out of play.
2:04 of 3rd period - Miro Aaltonen wins face-off versus Dana Tyrell in Little Stars zone.
2:56 of 3rd period - Slapshot by Miro Aaltonen.
2:56 of 3rd period - Goal by Miro Aaltonen - Little Stars : 2 - Knights : 5.
2:57 of 3rd period - Noel Acciari wins face-off versus Brian Flynn in neutral zone.
5:03 of 3rd period - Snap shot by Mathieu Perreault.
5:03 of 3rd period - Shot Misses the Net.
5:27 of 3rd period - Icing by Collin Miller.
5:28 of 3rd period - Cam Atkinson wins face-off versus Brandon Saad in Knights zone.
5:57 of 3rd period - Backhand shot by Miro Aaltonen.
5:57 of 3rd period - Shot Blocked by Tyson Barrie.
5:59 of 3rd period - Snap shot by Josh Bailey.
5:59 of 3rd period - Stopped by Peter Delmas with a rebound.
6:01 of 3rd period - Snap shot by Miro Aaltonen.
6:01 of 3rd period - Goal by Miro Aaltonen - Little Stars : 2 - Knights : 6.
6:02 of 3rd period - Noel Acciari wins face-off versus Dana Tyrell in neutral zone.
6:39 of 3rd period - Snap shot by Linden Vey.
6:39 of 3rd period - Shot Hit the Post.
6:46 of 3rd period - Icing by Dana Tyrell.
6:47 of 3rd period - Dana Tyrell wins face-off versus Miro Aaltonen in Little Stars zone.
7:00 of 3rd period - Snap shot by Josh Bailey.
7:00 of 3rd period - Shot Misses the Net.
7:02 of 3rd period - Slapshot by Miro Aaltonen.
7:02 of 3rd period - Stopped by Peter Delmas without a rebound.
7:03 of 3rd period - Noel Acciari wins face-off versus Mathieu Perreault in Little Stars zone.
7:04 of 3rd period - Wrist shot by Pavel Buchnevich.
7:04 of 3rd period - Shot Misses the Net.
7:18 of 3rd period - Snap shot by Mathieu Perreault.
7:18 of 3rd period - Shot Misses the Net.
7:43 of 3rd period - Slapshot by Tomas Kundratek.
7:43 of 3rd period - Stopped by Peter Delmas without a rebound.
7:44 of 3rd period - Josh Bailey wins face-off versus Brian Flynn in Little Stars zone.
7:45 of 3rd period - Wrist shot by Miro Aaltonen.
7:45 of 3rd period - Goal by Miro Aaltonen - Little Stars : 2 - Knights : 7.
7:46 of 3rd period - Noel Acciari wins face-off versus Brian Flynn in neutral zone.
8:01 of 3rd period - Snap shot by Michael Raffl.
8:01 of 3rd period - Shot Misses the Net.
8:11 of 3rd period - Brandon Saad is hit by Jesse Joensuu and loses puck.
8:53 of 3rd period - Wrist shot by Noel Acciari.
8:53 of 3rd period - Deflect By Pavel Buchnevich.
8:53 of 3rd period - Goal by Pavel Buchnevich - Little Stars : 2 - Knights : 8.
8:53 of 3rd period - Matt Murray enters game.
8:54 of 3rd period - Brian Flynn wins face-off versus Noel Acciari in neutral zone.
10:03 of 3rd period - Tyler Wotherspoon is hit by Collin Miller and loses puck.
10:20 of 3rd period - Jordie Benn is hit by Tomas Kundratek and loses puck.
11:07 of 3rd period - Slapshot by Bo Horvat.
11:07 of 3rd period - Stopped by Ben Scrivens with a rebound.
11:37 of 3rd period - Wrist shot by Tom Wilson.
11:37 of 3rd period - Shot Hit the Post.
11:48 of 3rd period - Icing by Matthew Benning.
11:49 of 3rd period - Brian Flynn wins face-off versus Noel Acciari in Knights zone.
12:39 of 3rd period - Wrist shot by Alexander Vasyunov.
12:39 of 3rd period - Shot Blocked by Jaccob Slavin.
12:41 of 3rd period - Snap shot by Zach Budish.
12:41 of 3rd period - Shot Misses the Net.
12:43 of 3rd period - Slapshot by Tyler Wotherspoon.
12:43 of 3rd period - Shot Blocked by Jaccob Slavin.
12:55 of 3rd period - Andreas Athanasiou is hit by Curtis Glencross and loses puck.
13:00 of 3rd period - Snap shot by Brian Flynn.
13:00 of 3rd period - Stopped by Ben Scrivens with a rebound.
13:27 of 3rd period - Adam Tambellini is hit by Michael Matheson and loses puck.
14:27 of 3rd period - Snap shot by Michael Raffl.
14:27 of 3rd period - Stopped by Matt Murray with a rebound.
14:29 of 3rd period - Snap shot by Pavel Buchnevich.
14:29 of 3rd period - Stopped by Matt Murray with a rebound.
14:31 of 3rd period - Wrist shot by Tomas Kundratek.
14:31 of 3rd period - Shot Blocked by Tyler Wotherspoon.
14:33 of 3rd period - Slapshot by Michael Raffl.
14:33 of 3rd period - Shot Blocked by Curtis Glencross.
14:39 of 3rd period - Minor Penalty to Cam Atkinson for Holding Stick.
14:40 of 3rd period - Alexander Vasyunov wins face-off versus Noel Acciari in Little Stars zone.
15:09 of 3rd period - Snap shot by Josh Bailey.
15:09 of 3rd period - Deflect By Brandon Saad.
15:09 of 3rd period - Shot Misses the Net.
15:09 of 3rd period - Puck is out of play.
15:10 of 3rd period - Noel Acciari wins face-off versus Dana Tyrell in Little Stars zone.
15:22 of 3rd period - Snap shot by Noel Acciari.
15:22 of 3rd period - Shot Misses the Net.
16:39 of 3rd period - Penalty to Cam Atkinson is over, Cam Atkinson is back on ice.
17:11 of 3rd period - Snap shot by Tom Wilson.
17:11 of 3rd period - Shot Blocked by Anton Cederholm.
17:13 of 3rd period - Slapshot by Tomas Kundratek.
17:13 of 3rd period - Stopped by Matt Murray with a rebound.
17:15 of 3rd period - Snap shot by Andreas Athanasiou.
17:15 of 3rd period - Stopped by Matt Murray without a rebound.
17:16 of 3rd period - Brian Flynn wins face-off versus Brendan Gaunce in Little Stars zone.
17:29 of 3rd period - Wrist shot by Brendan Gaunce.
17:29 of 3rd period - Stopped by Matt Murray with a rebound.
17:51 of 3rd period - Wrist shot by Dana Tyrell.
17:51 of 3rd period - Stopped by Ben Scrivens without a rebound.
17:52 of 3rd period - Pavel Buchnevich wins face-off versus Mathieu Perreault in Knights zone.
18:27 of 3rd period - Minor Penalty to Michael Matheson for Hooking.
18:28 of 3rd period - Noel Acciari wins face-off versus Brian Flynn in Knights zone.
18:57 of 3rd period - Slapshot by Andrej Sustr.
18:57 of 3rd period - Stopped by Ben Scrivens without a rebound.
18:58 of 3rd period - Dana Tyrell wins face-off versus Noel Acciari in Knights zone.
Goals for this period are 0 for Little Stars vs 4 for Knights.
Shots for this period are 5 for Little Stars vs 14 for Knights.
Back to the Top